San Jose Sharks vs Nashville Predators

Created - mardi 23 octobre 2018 at 19:00

Goals
1 2 3 OT1 SO T
San Jose Sharks 0 2 0 0 0 2
Nashville Predators 0 0 2 0 1 3
Shots
1 2 3 OT1 SO T
San Jose Sharks 4 19 5 0 3 28
Nashville Predators 7 13 14 1 2 35

1st period

No Goal

Penalties :
Anthony Cirelli (SJS) for Tripping (Minor) at 2:59, Roman Polak (SJS) for Tripping (Minor) at 9:16

2nd period

1. San Jose Sharks , Clayton Keller 6 (Tyler Ennis 2) at 1:31
2. San Jose Sharks , Kevin Labanc 1 (Chris Tierney 3, Karl Alzner 1) at 3:16

Penalties :
Mike Reilly (SJS) for Hooking (Minor) at 9:13, Scott Hartnell (NSH) for High sticking (Minor) at 14:11

3rd period

3. Nashville Predators , Calle Jarnkrok 4 (Craig Smith 2, Joe Thornton 4) at 1:32
4. Nashville Predators , Joe Thornton 2 (Shea Weber 5) at 6:48 (PP)

Penalties :
Kevin Labanc (SJS) for Hooking (Minor) at 1:35, Anthony Cirelli (SJS) for Interference (Minor) at 5:45, Tommy Wingels (SJS) for Tripping (Minor) at 12:13, Roman Polak (SJS) for Roughing (Minor) at 13:23, Anthony Bitetto (NSH) for Hooking (Minor) at 16:29

Overtime #1

No Goal

Penalties :
No Penalty

Shootout

Penalty Shot by Logan Couture for San Jose Sharks - Stopped by Pekka Rinne
Penalty Shot by Cam Atkinson for Nashville Predators - Goal!
Penalty Shot by Clayton Keller for San Jose Sharks - Stopped by Pekka Rinne
Penalty Shot by Filip Forsberg for Nashville Predators - Stopped by Cam Talbot
Penalty Shot by Kevin Labanc for San Jose Sharks - Stopped by Pekka Rinne

Penalties :
No Penalty

Goalie Stats

Cam Talbot (SJS), 33 saves from 35 shots - (0.943), OTL, 3-4-2, 65:00 minutes
Pekka Rinne (NSH), 26 saves from 28 shots - (0.929), W, 2-5-1, 65:00 minutes

Players Stats for San Jose Sharks

Player Name              G  A  P  +/- PIM S  H  SB GA TA FO     MP     PP MP  PK MP  
------------------------------------------------------------------------------------
Aaron Ekblad             0  0  0   0  0   1  1  3  0  0  0/0    27:29   1:34   5:47 
Andre Burakovsky         0  0  0   0  0   2  2  0  0  0  0/0    13:15   0:21   1:02 
Anthony Cirelli          0  0  0   0  4   0  2  0  2  0  5/10   11:00   0:00   0:27 
Brent Burns              0  0  0   0  0   2  0  1  0  0  0/0    23:16   1:34   5:42 
Chris Tierney            0  1  1   0  0   1  0  0  0  0  13/23  21:34   1:56   5:56 
Christian Dvorak         0  0  0   1  0   3  2  1  0  2  4/9    16:01   1:41   0:00 
Clayton Keller           1  0  1   1  0   3  3  0  0  0  0/1    16:45   1:56   0:17 
David Schlemko           0  0  0   0  0   0  2  1  0  0  0/0    13:18   0:00   1:12 
Drew Stafford            0  0  0   0  0   0  0  1  1  2  2/4    13:03   0:21   5:17 
Karl Alzner              0  1  1   1  0   0  2  4  0  1  0/0    22:44   2:24   5:54 
Kevin Labanc             1  0  1   0  2   4  2  0  0  0  0/0    15:19   1:41   0:00 
Logan Couture            0  0  0   0  0   7  1  0  0  0  4/8    21:40   1:56   5:28 
Mike Reilly              0  0  0   0  2   1  1  0  0  2  0/0    20:32   2:24   2:07 
Mikkel Boedker           0  0  0   0  0   2  0  0  2  0  0/0    11:33   0:00   0:00 
Roman Polak              0  0  0   1  4   1  4  1  0  0  0/0    17:46   0:00   3:33 
Timo Meier               0  0  0   1  0   0  5  1  0  0  0/0    15:56   1:41   0:00 
Tommy Wingels            0  0  0   0  2   0  2  0  1  0  0/0    13:10   0:21   5:00 
Tyler Ennis              0  1  1   0  0   1  1  0  0  0  0/1     7:35   0:00   0:00 

Players Stats for Nashville Predators

Player Name              G  A  P  +/- PIM S  H  SB GA TA FO     MP     PP MP  PK MP  
------------------------------------------------------------------------------------
Anthony Bitetto          0  0  0  -1  2   0  0  0  0  1  0/0    14:00   0:00   0:00 
Austin Watson            0  0  0  -1  0   0  3  0  0  1  1/1    12:00   0:23   1:47 
Calle Jarnkrok           1  0  1   1  0   3  0  0  0  0  0/1    20:08   5:59   1:40 
Cam Atkinson             0  0  0  -1  0   1  2  0  0  1  0/1    18:26   6:04   0:10 
Colton Sissons           0  0  0   0  0   2  2  0  0  0  3/6    19:11   5:59   1:53 
Craig Smith              0  1  1   1  0   0  1  0  0  0  0/1    12:26   0:05   0:00 
Filip Forsberg           0  0  0  -1  0   1  2  0  0  1  1/1    19:55   5:46   0:31 
Joe Thornton             1  1  2   1  0   6  3  0  0  0  7/15   18:39   6:04   0:19 
Kevin Fiala              0  0  0  -1  0   2  0  0  1  0  0/0    11:07   0:09   0:00 
Kyle Quincey             0  0  0  -1  0   2  3  2  0  0  0/0    19:49   5:58   1:53 
Mattias Ekholm           0  0  0   0  0   3  0  0  1  0  0/0    25:11   6:10   1:44 
Mike Fisher              0  0  0  -1  0   1  2  0  1  0  2/5    12:58   0:00   1:46 
Pontus Aberg             0  0  0   0  0   0  1  0  0  0  0/0    10:56   0:00   0:00 
Roman Josi               0  0  0   0  0   7  0  0  0  0  0/0    26:19   6:10   1:59 
Ryan Johansen            0  0  0  -1  0   4  5  0  2  1  13/24  19:18   5:55   0:00 
Scott Hartnell           0  0  0   0  2   2  1  0  0  0  1/1    11:07   0:00   0:00 
Shea Weber               0  1  1   0  0   1  1  1  1  1  0/0    23:40   5:58   1:35 
Yannick Weber            0  0  0   0  0   0  0  0  1  0  0/0    15:50   0:00   0:35 

3 Stars

1 - Joe Thornton (NSH)
2 - Clayton Keller (SJS)
3 - Cam Talbot (SJS)

Power Play

San Jose Sharks - 0 on 2 Attempt(s) - 0.00%
Nashville Predators - 1 on 7 Attempt(s) - 14.29%

Penalty Kill

San Jose Sharks - 6 on 7 Attempt(s) - 85.71% - Score 0 goal in Penalty Kill
Nashville Predators - 2 on 2 Attempt(s) - 100.00% - Score 0 goal in Penalty Kill

Team Stat

San Jose Sharks - Hits : 30 - Faceoff Wins : 28 - Blocked Shots : 13 - Penalty Minutes : 14
Nashville Predators - Hits : 26 - Faceoff Wins : 28 - Blocked Shots : 3 - Penalty Minutes : 4

Official

Referees : Tom Kowal and Tim Peel
Linesman : Ryan Galloway and Mark Wheler

Game Notes

No Game Note

Finance

Level 1 -- Attendance: 9935 (99.35%) -- Ticket Income fr. 794'800
Level 2 -- Attendance: 2000 (100.00%) -- Ticket Income fr. 130'000
Level 3 -- Attendance: 2793 (79.80%) -- Ticket Income fr. 97'755
Level 4 -- Attendance: 1250 (86.21%) -- Ticket Income fr. 25'000
Luxury Box -- Attendance: 47 (94.00%) -- Ticket Income fr. 9'400
Game was played at the Bridgestone Arena.
Total Attendance: 16025 (94.26%)
Total Ticket Income: fr. 1'056'955
Total Income: fr. 1'056'955

San Jose Sharks

5 vs 5 Forward 
   Center                   Left Wing                Right Wing               Time % Phy DF OF 
 1 Chris Tierney            Logan Couture            Kevin Labanc             30     1   1  3  
 2 Christian Dvorak         Clayton Keller           Timo Meier               30     1   1  3  
 3 Anthony Cirelli          Andre Burakovsky         Mikkel Boedker           25     1   2  2  
 4 Drew Stafford            Tommy Wingels            Tyler Ennis              15     2   3  0  

5 vs 5 Defense 
   Defense                  Defense                                           Time % Phy DF OF 
 1 Brent Burns              Aaron Ekblad                                      30     1   2  2  
 2 Karl Alzner              Roman Polak                                       30     1   2  2  
 3 David Schlemko           Mike Reilly                                       25     1   2  2  
 4 Mike Reilly              Aaron Ekblad                                      15     1   2  2  

PowerPlay Forward 
   Center                   Left Wing                Right Wing               Time % Phy DF OF 
 1 Chris Tierney            Clayton Keller           Logan Couture            50     0   1  4  
 2 Christian Dvorak         Kevin Labanc             Timo Meier               50     0   1  4  

PowerPlay Defense
   Defense                  Defense                                           Time % Phy DF OF 
 1 Brent Burns              Aaron Ekblad                                      50     0   2  3  
 2 Mike Reilly              Karl Alzner                                       50     0   2  3  

Penalty Kill 4 Players Forward 
   Center                   Wing                     Time % Phy DF OF 
 1 Chris Tierney            Tommy Wingels            50     1   4  0  
 2 Logan Couture            Drew Stafford            50     1   4  0  

Penalty Kill 4 Players Defense
   Defense                  Defense                  Time % Phy DF OF 
 1 Brent Burns              Karl Alzner              50     2   3  0  
 2 Aaron Ekblad             Roman Polak              50     2   3  0  

Penalty Kill - 3 Players Forward 
   Forward                                           Time % Phy DF OF 
 1 Anthony Cirelli                                   50     1   4  0  
 2 Chris Tierney                                     50     1   4  0  

Penalty Kill - 3 Players Defense
   Defense                  Defense                  Time % Phy DF OF 
 1 Karl Alzner              Roman Polak              50     1   4  0  
 2 David Schlemko           Mike Reilly              50     1   4  0  

4 vs 4 Forward 
   Center                   Wing                     Time % Phy DF OF 
 1 Anthony Cirelli          Mikkel Boedker           50     1   2  2  
 2 Christian Dvorak         Andre Burakovsky         50     1   2  2  

4 vs 4 Defense
   Defense                  Defense                  Time % Phy DF OF 
 1 Brent Burns              David Schlemko           50     1   2  2  
 2 Aaron Ekblad             Roman Polak              50     1   2  2  

Last Minutes Offensive
   Center                   Left Wing                Right Wing               Defense                  Defense                  
   Chris Tierney            Logan Couture            Clayton Keller           Brent Burns              Aaron Ekblad             

Last Minutes Defensive
   Center                   Left Wing                Right Wing               Defense                  Defense                  
   Anthony Cirelli          Timo Meier               Tyler Ennis              David Schlemko           Roman Polak              

Goaltenders
Starting : Cam Talbot               
Backup : Reto Berra               

Extra Forwards
Normal : Tyler Ennis, Tommy Wingels, Andre Burakovsky - PP : Logan Couture, Clayton Keller - PK : Chris Tierney
Extra Defensemen
Normal : David Schlemko, Mike Reilly, Karl Alzner - PP : Brent Burns - PK : Mike Reilly, Karl Alzner
Penalty Shots
Logan Couture, Clayton Keller, Kevin Labanc, Chris Tierney, Christian Dvorak
Custom OT Lines Forwards
Logan Couture, Clayton Keller, Timo Meier, Chris Tierney, Christian Dvorak, Kevin Labanc, Mikkel Boedker, Andre Burakovsky, Anthony Cirelli, Tyler Ennis
Custom OT Lines Defensemen
Brent Burns, Aaron Ekblad, Karl Alzner, Roman Polak, David Schlemko

Scratches
Barclay Goodrow (Healthy), Jimmy Hayes (Healthy), Marcus Sorensen (Healthy)

Nashville Predators

5 vs 5 Forward 
   Center                   Left Wing                Right Wing               Time % Phy DF OF 
 1 Ryan Johansen            Filip Forsberg           Cam Atkinson             28     0   1  4  
 2 Joe Thornton             Calle Jarnkrok           Craig Smith              27     0   2  3  
 3 Colton Sissons           Scott Hartnell           Pontus Aberg             25     1   2  2  
 4 Mike Fisher              Kevin Fiala              Austin Watson            20     2   2  1  

5 vs 5 Defense 
   Defense                  Defense                                           Time % Phy DF OF 
 1 Roman Josi               Mattias Ekholm                                    34     1   2  2  
 2 Yannick Weber            Shea Weber                                        34     1   2  2  
 3 Anthony Bitetto          Kyle Quincey                                      27     1   2  2  
 4 Shea Weber               Roman Josi                                        5      1   2  2  

PowerPlay Forward 
   Center                   Left Wing                Right Wing               Time % Phy DF OF 
 1 Ryan Johansen            Filip Forsberg           Cam Atkinson             50     0   0  5  
 2 Joe Thornton             Colton Sissons           Calle Jarnkrok           50     0   0  5  

PowerPlay Defense
   Defense                  Defense                                           Time % Phy DF OF 
 1 Mattias Ekholm           Roman Josi                                        50     0   1  4  
 2 Shea Weber               Kyle Quincey                                      50     0   1  4  

Penalty Kill 4 Players Forward 
   Center                   Wing                     Time % Phy DF OF 
 1 Colton Sissons           Austin Watson            50     1   4  0  
 2 Mike Fisher              Calle Jarnkrok           50     1   4  0  

Penalty Kill 4 Players Defense
   Defense                  Defense                  Time % Phy DF OF 
 1 Kyle Quincey             Roman Josi               50     0   5  0  
 2 Shea Weber               Mattias Ekholm           50     0   5  0  

Penalty Kill - 3 Players Forward 
   Forward                                           Time % Phy DF OF 
 1 Mike Fisher                                       50     0   5  0  
 2 Colton Sissons                                    50     0   5  0  

Penalty Kill - 3 Players Defense
   Defense                  Defense                  Time % Phy DF OF 
 1 Kyle Quincey             Roman Josi               50     0   5  0  
 2 Shea Weber               Mattias Ekholm           50     0   5  0  

4 vs 4 Forward 
   Center                   Wing                     Time % Phy DF OF 
 1 Ryan Johansen            Filip Forsberg           50     1   4  0  
 2 Joe Thornton             Craig Smith              50     1   4  0  

4 vs 4 Defense
   Defense                  Defense                  Time % Phy DF OF 
 1 Mattias Ekholm           Roman Josi               50     0   5  0  
 2 Shea Weber               Anthony Bitetto          50     0   5  0  

Last Minutes Offensive
   Center                   Left Wing                Right Wing               Defense                  Defense                  
   Joe Thornton             Filip Forsberg           Cam Atkinson             Shea Weber               Roman Josi               

Last Minutes Defensive
   Center                   Left Wing                Right Wing               Defense                  Defense                  
   Mike Fisher              Colton Sissons           Austin Watson            Mattias Ekholm           Roman Josi               

Goaltenders
Starting : Pekka Rinne              
Backup : Juuse Saros              

Extra Forwards
Normal : Filip Forsberg, Mike Fisher, Craig Smith - PP : Joe Thornton, Calle Jarnkrok - PK : Mike Fisher
Extra Defensemen
Normal : Kyle Quincey, Shea Weber, Mattias Ekholm - PP : Roman Josi - PK : Roman Josi, Shea Weber
Penalty Shots
Cam Atkinson, Filip Forsberg, Kevin Fiala, Craig Smith, Joe Thornton
Custom OT Lines Forwards
Ryan Johansen, Filip Forsberg, Joe Thornton, Kevin Fiala, Mike Fisher, Calle Jarnkrok, Colton Sissons, Craig Smith, Austin Watson, Scott Hartnell
Custom OT Lines Defensemen
Roman Josi, Mattias Ekholm, Shea Weber, Yannick Weber, Kyle Quincey

Scratches
Colin Wilson (Healthy), Gabriel Bourque (Healthy), Matt Irwin (Strained Right Knee Injury), Julius Honka (Healthy)

% Time on Ice - San Jose Sharks

Lines # - Real PCT - Wanted PCT - Time Play
Normal Forward
1 - 31% - 30% - 13:33
2 - 31% - 30% - 13:24
3 - 23% - 25% - 10:18
4 - 15% - 15% - 6:39
Normal Defense
1 - 31% - 30% - 13:44
2 - 33% - 30% - 14:22
3 - 25% - 25% - 10:57
4 - 11% - 15% - 4:51
PP Forward
1 - 49% - 50% - 1:56
2 - 51% - 50% - 2:02
PP Defense
1 - 39% - 50% - 1:34
2 - 61% - 50% - 2:24
PK Forward
1 - 49% - 50% - 5:36
2 - 51% - 50% - 5:43
PK Defense
1 - 52% - 50% - 5:50
2 - 48% - 50% - 5:29
PK3 Forward
1 - 55% - 50% - 0:27
2 - 45% - 50% - 0:22
PK3 Defense
1 - 41% - 50% - 0:20
2 - 59% - 50% - 0:29
44 Forward
1 - 0% - 50%
2 - 0% - 50%
44 Defense
1 - 0% - 50%
2 - 0% - 50%
Last Minute Offensive  - 0:00
Last Minute Defensive  - 0:00
Total
Forward - 60:00
Defense - 60:00

% Time on Ice - Nashville Predators

Lines # - Real PCT - Wanted PCT - Time Play
Normal Forward
1 - 28% - 28% - 12:29
2 - 26% - 27% - 11:33
3 - 25% - 25% - 10:56
4 - 20% - 20% - 8:56
Normal Defense
1 - 33% - 34% - 14:32
2 - 35% - 34% - 15:23
3 - 28% - 27% - 12:06
4 - 4% - 5% - 1:53
PP Forward
1 - 50% - 50% - 6:04
2 - 50% - 50% - 6:04
PP Defense
1 - 51% - 50% - 6:10
2 - 49% - 50% - 5:58
PK Forward
1 - 49% - 50% - 1:56
2 - 51% - 50% - 2:02
PK Defense
1 - 60% - 50% - 2:22
2 - 40% - 50% - 1:36
PK3 Forward
1 - 0% - 50%
2 - 0% - 50%
PK3 Defense
1 - 0% - 50%
2 - 0% - 50%
44 Forward
1 - 0% - 50%
2 - 0% - 50%
44 Defense
1 - 0% - 50%
2 - 0% - 50%
Last Minute Offensive  - 0:00
Last Minute Defensive  - 0:00
Total
Forward - 60:00
Defense - 60:00

Play by Play

1st period


0:01 of 1st period - Ryan Johansen wins face-off versus Chris Tierney in neutral zone.
0:10 of 1st period - Snap shot by Filip Forsberg.
0:10 of 1st period - Shot Misses the Net.
0:12 of 1st period - Slapshot by Roman Josi.
0:12 of 1st period - Stopped by Cam Talbot with a rebound.
0:14 of 1st period - Snap shot by Roman Josi.
0:14 of 1st period - Deflect By Brent Burns.
0:14 of 1st period - Stopped by Cam Talbot without a rebound.
0:15 of 1st period - Christian Dvorak wins face-off versus Craig Smith in San Jose Sharks zone.
1:06 of 1st period - Tyler Ennis is hit by Austin Watson and loses puck.
1:12 of 1st period - Icing by Mike Reilly.
1:13 of 1st period - Drew Stafford wins face-off versus Ryan Johansen in San Jose Sharks zone.
2:04 of 1st period - Snap shot by Christian Dvorak.
2:04 of 1st period - Stopped by Pekka Rinne without a rebound.
2:05 of 1st period - Anthony Cirelli wins face-off versus Colton Sissons in Nashville Predators zone.
2:10 of 1st period - Slapshot by Anthony Cirelli.
2:10 of 1st period - Deflect By Mikkel Boedker.
2:10 of 1st period - Shot Blocked by Kyle Quincey.
2:10 of 1st period - Puck is out of play.
2:11 of 1st period - Colton Sissons wins face-off versus Anthony Cirelli in Nashville Predators zone.
2:22 of 1st period - Backhand shot by Scott Hartnell.
2:22 of 1st period - Stopped by Cam Talbot without a rebound.
2:23 of 1st period - Chris Tierney wins face-off versus Ryan Johansen in San Jose Sharks zone.
2:56 of 1st period - Wrist shot by Calle Jarnkrok.
2:56 of 1st period - Stopped by Cam Talbot without a rebound.
2:57 of 1st period - Anthony Cirelli wins face-off versus Mike Fisher in San Jose Sharks zone.
2:59 of 1st period - Minor Penalty to Anthony Cirelli for Tripping.
3:00 of 1st period - Ryan Johansen wins face-off versus Chris Tierney in San Jose Sharks zone.
4:59 of 1st period - Penalty to Anthony Cirelli is over, Anthony Cirelli is back on ice.
5:14 of 1st period - Tommy Wingels is hit by Austin Watson and loses puck.
7:03 of 1st period - Clayton Keller is hit by Ryan Johansen and loses puck.
7:53 of 1st period - Aaron Ekblad is hit by Mike Fisher and loses puck.
8:12 of 1st period - Icing by Tyler Ennis.
8:13 of 1st period - Ryan Johansen wins face-off versus Drew Stafford in San Jose Sharks zone.
8:26 of 1st period - David Schlemko is hit by Filip Forsberg and loses puck.
9:16 of 1st period - Minor Penalty to Roman Polak for Tripping.
9:17 of 1st period - Joe Thornton wins face-off versus Logan Couture in San Jose Sharks zone.
9:22 of 1st period - Slapshot by Colton Sissons.
9:22 of 1st period - Shot Blocked by Aaron Ekblad.
9:32 of 1st period - Snap shot by Calle Jarnkrok.
9:32 of 1st period - Shot Misses the Net.
9:42 of 1st period - Logan Couture is hit by Ryan Johansen and loses puck.
11:13 of 1st period - Austin Watson is hit by David Schlemko and loses puck.
11:16 of 1st period - Penalty to Roman Polak is over, Roman Polak is back on ice.
11:26 of 1st period - Mike Fisher is hit by Timo Meier and loses puck.
11:39 of 1st period - Anthony Bitetto is hit by Roman Polak and loses puck.
11:54 of 1st period - Kevin Fiala is hit by Christian Dvorak and loses puck.
14:18 of 1st period - Filip Forsberg is hit by Tyler Ennis and loses puck.
14:37 of 1st period - Wrist shot by Colton Sissons.
14:37 of 1st period - Stopped by Cam Talbot without a rebound.
14:38 of 1st period - Colton Sissons wins face-off versus Chris Tierney in San Jose Sharks zone.
14:39 of 1st period - Slapshot by Roman Josi.
14:39 of 1st period - Stopped by Cam Talbot without a rebound.
14:40 of 1st period - Colton Sissons wins face-off versus Christian Dvorak in San Jose Sharks zone.
14:51 of 1st period - Wrist shot by Clayton Keller.
14:51 of 1st period - Stopped by Pekka Rinne with a rebound.
14:56 of 1st period - Roman Josi is hit by Karl Alzner and loses puck.
15:01 of 1st period - Slapshot by Scott Hartnell.
15:01 of 1st period - Shot Hit the Post.
15:03 of 1st period - Snap shot by Anthony Bitetto.
15:03 of 1st period - Shot Misses the Net.
15:21 of 1st period - Snap shot by Timo Meier.
15:21 of 1st period - Shot Misses the Net.
15:32 of 1st period - Kyle Quincey is hit by Timo Meier and loses puck.
15:37 of 1st period - Snap shot by Clayton Keller.
15:37 of 1st period - Shot Misses the Net.
15:51 of 1st period - Colton Sissons is hit by Timo Meier.
16:14 of 1st period - Anthony Bitetto is hit by David Schlemko and loses puck.
16:23 of 1st period - Slapshot by Brent Burns.
16:23 of 1st period - Stopped by Pekka Rinne with a rebound.
17:01 of 1st period - Colton Sissons is hit by Clayton Keller and loses puck.
17:36 of 1st period - Slapshot by Shea Weber.
17:36 of 1st period - Stopped by Cam Talbot without a rebound.
17:37 of 1st period - Ryan Johansen wins face-off versus Logan Couture in San Jose Sharks zone.
17:53 of 1st period - Slapshot by Ryan Johansen.
17:53 of 1st period - Shot Blocked by Brent Burns.
19:51 of 1st period - Icing by Kyle Quincey.
19:52 of 1st period - Drew Stafford wins face-off versus Joe Thornton in Nashville Predators zone.
19:55 of 1st period - Snap shot by Logan Couture.
19:55 of 1st period - Stopped by Pekka Rinne with a rebound.
Goals for this period are 0 for San Jose Sharks vs 0 for Nashville Predators.
Shots for this period are 4 for San Jose Sharks vs 7 for Nashville Predators.

2nd period


0:01 of 2nd period - Chris Tierney wins face-off versus Ryan Johansen in neutral zone.
0:15 of 2nd period - Wrist shot by Cam Atkinson.
0:15 of 2nd period - Shot Misses the Net.
0:33 of 2nd period - Wrist shot by Mikkel Boedker.
0:33 of 2nd period - Stopped by Pekka Rinne with a rebound.
0:42 of 2nd period - Icing by Aaron Ekblad.
0:43 of 2nd period - Mike Fisher wins face-off versus Anthony Cirelli in San Jose Sharks zone.
0:50 of 2nd period - Slapshot by Ryan Johansen.
0:50 of 2nd period - Shot Misses the Net.
1:14 of 2nd period - Craig Smith is hit by Logan Couture and loses puck.
1:31 of 2nd period - Snap shot by Clayton Keller.
1:31 of 2nd period - Goal by Clayton Keller - San Jose Sharks : 1 - Nashville Predators : 0.
1:32 of 2nd period - Ryan Johansen wins face-off versus Chris Tierney in neutral zone.
1:57 of 2nd period - Roman Polak is hit by Craig Smith and loses puck.
3:02 of 2nd period - Snap shot by Logan Couture.
3:02 of 2nd period - Stopped by Pekka Rinne without a rebound.
3:03 of 2nd period - Chris Tierney wins face-off versus Ryan Johansen in Nashville Predators zone.
3:08 of 2nd period - Snap shot by Kevin Labanc.
3:08 of 2nd period - Stopped by Pekka Rinne with a rebound.
3:10 of 2nd period - Slapshot by Karl Alzner.
3:10 of 2nd period - Shot Misses the Net.
3:12 of 2nd period - Wrist shot by Chris Tierney.
3:12 of 2nd period - Shot Misses the Net.
3:14 of 2nd period - Slapshot by Chris Tierney.
3:14 of 2nd period - Shot Blocked by Kyle Quincey.
3:16 of 2nd period - Slapshot by Kevin Labanc.
3:16 of 2nd period - Goal by Kevin Labanc - San Jose Sharks : 2 - Nashville Predators : 0.
3:17 of 2nd period - Chris Tierney wins face-off versus Ryan Johansen in neutral zone.
3:27 of 2nd period - Icing by Cam Atkinson.
3:28 of 2nd period - Ryan Johansen wins face-off versus Chris Tierney in Nashville Predators zone.
3:37 of 2nd period - Wrist shot by Ryan Johansen.
3:37 of 2nd period - Shot Misses the Net.
3:45 of 2nd period - Cam Atkinson is hit by Kevin Labanc and loses puck.
4:37 of 2nd period - Roman Josi is hit by Roman Polak and loses puck.
4:42 of 2nd period - Wrist shot by Tyler Ennis.
4:42 of 2nd period - Stopped by Pekka Rinne without a rebound.
4:43 of 2nd period - Joe Thornton wins face-off versus Drew Stafford in Nashville Predators zone.
4:43 of 2nd period - Joe Thornton is hit by Roman Polak.
5:16 of 2nd period - Wrist shot by Craig Smith.
5:16 of 2nd period - Shot Misses the Net.
5:18 of 2nd period - Slapshot by Calle Jarnkrok.
5:18 of 2nd period - Stopped by Cam Talbot with a rebound.
5:20 of 2nd period - Snap shot by Joe Thornton.
5:20 of 2nd period - Stopped by Cam Talbot without a rebound.
5:21 of 2nd period - Chris Tierney wins face-off versus Ryan Johansen in San Jose Sharks zone.
5:28 of 2nd period - Backhand shot by Chris Tierney.
5:28 of 2nd period - Stopped by Pekka Rinne with a rebound.
5:34 of 2nd period - Wrist shot by Cam Atkinson.
5:34 of 2nd period - Stopped by Cam Talbot without a rebound.
5:35 of 2nd period - Austin Watson wins face-off versus Anthony Cirelli in San Jose Sharks zone.
6:24 of 2nd period - Backhand shot by Ryan Johansen.
6:24 of 2nd period - Stopped by Cam Talbot with a rebound.
6:26 of 2nd period - Snap shot by Ryan Johansen.
6:26 of 2nd period - Stopped by Cam Talbot with a rebound.
6:28 of 2nd period - Slapshot by Filip Forsberg.
6:28 of 2nd period - Shot Misses the Net.
6:30 of 2nd period - Slapshot by Roman Josi.
6:30 of 2nd period - Stopped by Cam Talbot with a rebound.
6:32 of 2nd period - Wrist shot by Cam Atkinson.
6:32 of 2nd period - Shot Misses the Net.
6:55 of 2nd period - Wrist shot by Kevin Labanc.
6:55 of 2nd period - Shot Blocked by Shea Weber.
6:57 of 2nd period - Slapshot by Karl Alzner.
6:57 of 2nd period - Shot Misses the Net.
6:59 of 2nd period - Slapshot by Roman Polak.
6:59 of 2nd period - Stopped by Pekka Rinne with a rebound.
7:01 of 2nd period - Snap shot by Kevin Labanc.
7:01 of 2nd period - Shot Misses the Net.
7:05 of 2nd period - Wrist shot by Kevin Labanc.
7:05 of 2nd period - Stopped by Pekka Rinne with a rebound.
7:07 of 2nd period - Snap shot by Logan Couture.
7:07 of 2nd period - Stopped by Pekka Rinne without a rebound.
7:08 of 2nd period - Anthony Cirelli wins face-off versus Cam Atkinson in Nashville Predators zone.
7:23 of 2nd period - Andre Burakovsky is hit by Ryan Johansen and loses puck.
7:44 of 2nd period - Slapshot by Andre Burakovsky.
7:44 of 2nd period - Stopped by Pekka Rinne without a rebound.
7:45 of 2nd period - Ryan Johansen wins face-off versus Christian Dvorak in Nashville Predators zone.
8:00 of 2nd period - Snap shot by Christian Dvorak.
8:00 of 2nd period - Deflect By Timo Meier.
8:00 of 2nd period - Shot Misses the Net.
8:00 of 2nd period - Puck is out of play.
8:01 of 2nd period - Chris Tierney wins face-off versus Calle Jarnkrok in Nashville Predators zone.
8:06 of 2nd period - Wrist shot by Logan Couture.
8:06 of 2nd period - Shot Misses the Net.
8:08 of 2nd period - Slapshot by Mike Reilly.
8:08 of 2nd period - Deflect By Logan Couture.
8:08 of 2nd period - Stopped by Pekka Rinne without a rebound.
8:09 of 2nd period - Chris Tierney wins face-off versus Joe Thornton in Nashville Predators zone.
8:14 of 2nd period - Snap shot by Logan Couture.
8:14 of 2nd period - Stopped by Pekka Rinne with a rebound.
8:16 of 2nd period - Slapshot by Brent Burns.
8:16 of 2nd period - Stopped by Pekka Rinne with a rebound.
8:18 of 2nd period - Snap shot by Kevin Labanc.
8:18 of 2nd period - Shot Misses the Net.
8:34 of 2nd period - Yannick Weber is hit by Anthony Cirelli and loses puck.
8:55 of 2nd period - Slapshot by Roman Josi.
8:55 of 2nd period - Stopped by Cam Talbot without a rebound.
8:56 of 2nd period - Christian Dvorak wins face-off versus Mike Fisher in San Jose Sharks zone.
8:56 of 2nd period - Christian Dvorak is hit by Kyle Quincey.
9:02 of 2nd period - Snap shot by Clayton Keller.
9:02 of 2nd period - Shot Misses the Net.
9:08 of 2nd period - Snap shot by Kevin Fiala.
9:08 of 2nd period - Stopped by Cam Talbot with a rebound.
9:13 of 2nd period - Minor Penalty to Mike Reilly for Hooking.
9:14 of 2nd period - Chris Tierney wins face-off versus Joe Thornton in San Jose Sharks zone.
9:19 of 2nd period - Off-side.
9:20 of 2nd period - Chris Tierney wins face-off versus Joe Thornton in neutral zone.
9:29 of 2nd period - Slapshot by Roman Josi.
9:29 of 2nd period - Shot Blocked by Karl Alzner.
10:05 of 2nd period - Wrist shot by Roman Josi.
10:05 of 2nd period - Stopped by Cam Talbot with a rebound.
10:07 of 2nd period - Slapshot by Calle Jarnkrok.
10:07 of 2nd period - Shot Blocked by Aaron Ekblad.
10:17 of 2nd period - Slapshot by Roman Josi.
10:17 of 2nd period - Deflect By Joe Thornton.
10:17 of 2nd period - Stopped by Cam Talbot with a rebound.
10:19 of 2nd period - Slapshot by Mattias Ekholm.
10:19 of 2nd period - Shot Blocked by Aaron Ekblad.
10:35 of 2nd period - Slapshot by Calle Jarnkrok.
10:35 of 2nd period - Deflect By Colton Sissons.
10:35 of 2nd period - Stopped by Cam Talbot without a rebound.
10:36 of 2nd period - Ryan Johansen wins face-off versus Logan Couture in San Jose Sharks zone.
11:13 of 2nd period - Penalty to Mike Reilly is over, Mike Reilly is back on ice.
11:23 of 2nd period - Wrist shot by Mikkel Boedker.
11:23 of 2nd period - Stopped by Pekka Rinne with a rebound.
11:55 of 2nd period - Logan Couture is hit by Scott Hartnell and loses puck.
13:12 of 2nd period - Slapshot by Brent Burns.
13:12 of 2nd period - Deflect By Anthony Cirelli.
13:12 of 2nd period - Shot Misses the Net.
13:12 of 2nd period - Puck is out of play.
13:13 of 2nd period - Joe Thornton wins face-off versus Christian Dvorak in Nashville Predators zone.
14:11 of 2nd period - Minor Penalty to Scott Hartnell for High sticking.
14:12 of 2nd period - Chris Tierney wins face-off versus Colton Sissons in Nashville Predators zone.
14:18 of 2nd period - Slapshot by Clayton Keller.
14:18 of 2nd period - Stopped by Pekka Rinne with a rebound.
14:20 of 2nd period - Slapshot by Mike Reilly.
14:20 of 2nd period - Shot Misses the Net.
14:22 of 2nd period - Wrist shot by Logan Couture.
14:22 of 2nd period - Stopped by Pekka Rinne without a rebound.
14:23 of 2nd period - Christian Dvorak wins face-off versus Mike Fisher in Nashville Predators zone.
14:24 of 2nd period - Snap shot by Kevin Labanc.
14:24 of 2nd period - Shot Misses the Net.
14:36 of 2nd period - Snap shot by Austin Watson.
14:36 of 2nd period - Shot Misses the Net.
14:38 of 2nd period - Slapshot by Shea Weber.
14:38 of 2nd period - Shot Blocked by Karl Alzner.
14:40 of 2nd period - Slapshot by Colton Sissons.
14:40 of 2nd period - Shot Misses the Net.
16:11 of 2nd period - Penalty to Scott Hartnell is over, Scott Hartnell is back on ice.
16:12 of 2nd period - Kyle Quincey is hit by Tommy Wingels.
16:16 of 2nd period - Slapshot by Roman Josi.
16:16 of 2nd period - Stopped by Cam Talbot with a rebound.
16:18 of 2nd period - Slapshot by Shea Weber.
16:18 of 2nd period - Shot Misses the Net.
16:20 of 2nd period - Snap shot by Scott Hartnell.
16:20 of 2nd period - Shot Misses the Net.
16:22 of 2nd period - Wrist shot by Scott Hartnell.
16:22 of 2nd period - Stopped by Cam Talbot without a rebound.
16:23 of 2nd period - Anthony Cirelli wins face-off versus Ryan Johansen in San Jose Sharks zone.
16:34 of 2nd period - Anthony Bitetto is hit by Anthony Cirelli and loses puck.
16:53 of 2nd period - Slapshot by Aaron Ekblad.
16:53 of 2nd period - Shot Misses the Net.
16:55 of 2nd period - Slapshot by Aaron Ekblad.
16:55 of 2nd period - Stopped by Pekka Rinne with a rebound.
17:13 of 2nd period - Snap shot by Kevin Labanc.
17:13 of 2nd period - Stopped by Pekka Rinne without a rebound.
17:14 of 2nd period - Ryan Johansen wins face-off versus Chris Tierney in Nashville Predators zone.
17:41 of 2nd period - Mikkel Boedker is hit by Joe Thornton and loses puck.
18:04 of 2nd period - Anthony Bitetto is hit by Roman Polak and loses puck.
18:23 of 2nd period - Tyler Ennis is hit by Kyle Quincey and loses puck.
18:42 of 2nd period - Brent Burns is hit by Cam Atkinson and loses puck.
19:44 of 2nd period - Scott Hartnell is hit by Tommy Wingels and loses puck.
Goals for this period are 2 for San Jose Sharks vs 0 for Nashville Predators.
Shots for this period are 19 for San Jose Sharks vs 13 for Nashville Predators.

3rd period


0:01 of 3rd period - Joe Thornton wins face-off versus Chris Tierney in neutral zone.
0:58 of 3rd period - Off-side.
0:59 of 3rd period - Joe Thornton wins face-off versus Chris Tierney in neutral zone.
1:02 of 3rd period - Wrist shot by Calle Jarnkrok.
1:02 of 3rd period - Shot Blocked by Karl Alzner.
1:08 of 3rd period - Slapshot by Logan Couture.
1:08 of 3rd period - Stopped by Pekka Rinne without a rebound.
1:09 of 3rd period - Joe Thornton wins face-off versus Chris Tierney in Nashville Predators zone.
1:32 of 3rd period - Wrist shot by Calle Jarnkrok.
1:32 of 3rd period - Goal by Calle Jarnkrok - San Jose Sharks : 2 - Nashville Predators : 1.
1:33 of 3rd period - Chris Tierney wins face-off versus Joe Thornton in neutral zone.
1:35 of 3rd period - Minor Penalty to Kevin Labanc for Hooking.
1:36 of 3rd period - Logan Couture wins face-off versus Ryan Johansen in San Jose Sharks zone.
1:48 of 3rd period - Snap shot by Filip Forsberg.
1:48 of 3rd period - Deflect By Ryan Johansen.
1:48 of 3rd period - Stopped by Cam Talbot without a rebound.
1:49 of 3rd period - Logan Couture wins face-off versus Ryan Johansen in San Jose Sharks zone.
3:35 of 3rd period - Penalty to Kevin Labanc is over, Kevin Labanc is back on ice.
3:41 of 3rd period - Snap shot by Christian Dvorak.
3:41 of 3rd period - Stopped by Pekka Rinne without a rebound.
3:42 of 3rd period - Mike Fisher wins face-off versus Clayton Keller in Nashville Predators zone.
3:42 of 3rd period - Mike Fisher is hit by Christian Dvorak.
3:50 of 3rd period - Slapshot by Shea Weber.
3:50 of 3rd period - Shot Misses the Net.
3:52 of 3rd period - Slapshot by Yannick Weber.
3:52 of 3rd period - Shot Blocked by David Schlemko.
3:54 of 3rd period - Slapshot by Shea Weber.
3:54 of 3rd period - Shot Blocked by Timo Meier.
3:56 of 3rd period - Snap shot by Kevin Fiala.
3:56 of 3rd period - Deflect By Mike Fisher.
3:56 of 3rd period - Stopped by Cam Talbot without a rebound.
3:57 of 3rd period - Joe Thornton wins face-off versus Anthony Cirelli in San Jose Sharks zone.
4:02 of 3rd period - Snap shot by Joe Thornton.
4:02 of 3rd period - Stopped by Cam Talbot with a rebound.
4:04 of 3rd period - Wrist shot by Joe Thornton.
4:04 of 3rd period - Shot Misses the Net.
4:06 of 3rd period - Slapshot by Kyle Quincey.
4:06 of 3rd period - Stopped by Cam Talbot with a rebound.
4:31 of 3rd period - Snap shot by Logan Couture.
4:31 of 3rd period - Shot Misses the Net.
4:45 of 3rd period - Wrist shot by Pontus Aberg.
4:45 of 3rd period - Deflect By Colton Sissons.
4:45 of 3rd period - Shot Misses the Net.
4:45 of 3rd period - Puck is out of play.
4:46 of 3rd period - Scott Hartnell wins face-off versus Christian Dvorak in San Jose Sharks zone.
4:58 of 3rd period - Snap shot by Christian Dvorak.
4:58 of 3rd period - Shot Misses the Net.
5:10 of 3rd period - Logan Couture is hit by Pontus Aberg and loses puck.
5:23 of 3rd period - Snap shot by Pontus Aberg.
5:23 of 3rd period - Deflect By Scott Hartnell.
5:23 of 3rd period - Shot Misses the Net.
5:23 of 3rd period - Puck is out of play.
5:24 of 3rd period - Anthony Cirelli wins face-off versus Joe Thornton in San Jose Sharks zone.
5:45 of 3rd period - Minor Penalty to Anthony Cirelli for Interference.
5:46 of 3rd period - Ryan Johansen wins face-off versus Logan Couture in San Jose Sharks zone.
5:57 of 3rd period - Wrist shot by Ryan Johansen.
5:57 of 3rd period - Shot Misses the Net.
5:59 of 3rd period - Wrist shot by Filip Forsberg.
5:59 of 3rd period - Shot Blocked by Roman Polak.
6:01 of 3rd period - Snap shot by Kyle Quincey.
6:01 of 3rd period - Deflect By Cam Atkinson.
6:01 of 3rd period - Shot Blocked by Drew Stafford.
6:01 of 3rd period - Puck is out of play.
6:02 of 3rd period - Chris Tierney wins face-off versus Joe Thornton in San Jose Sharks zone.
6:15 of 3rd period - Snap shot by Mattias Ekholm.
6:15 of 3rd period - Stopped by Cam Talbot with a rebound.
6:17 of 3rd period - Snap shot by Mattias Ekholm.
6:17 of 3rd period - Deflect By Logan Couture.
6:17 of 3rd period - Stopped by Cam Talbot without a rebound.
6:18 of 3rd period - Ryan Johansen wins face-off versus Chris Tierney in San Jose Sharks zone.
6:43 of 3rd period - Roman Polak is hit by Kyle Quincey and loses puck.
6:48 of 3rd period - Wrist shot by Joe Thornton.
6:48 of 3rd period - Goal by Joe Thornton - San Jose Sharks : 2 - Nashville Predators : 2.
6:49 of 3rd period - Ryan Johansen wins face-off versus Christian Dvorak in neutral zone.
6:58 of 3rd period - Wrist shot by Cam Atkinson.
6:58 of 3rd period - Shot Blocked by Christian Dvorak.
7:00 of 3rd period - Wrist shot by Cam Atkinson.
7:00 of 3rd period - Shot Misses the Net.
7:11 of 3rd period - Icing by Brent Burns.
7:12 of 3rd period - Christian Dvorak wins face-off versus Joe Thornton in San Jose Sharks zone.
7:12 of 3rd period - Christian Dvorak is hit by Joe Thornton.
7:24 of 3rd period - Snap shot by Joe Thornton.
7:24 of 3rd period - Stopped by Cam Talbot with a rebound.
7:26 of 3rd period - Wrist shot by Joe Thornton.
7:26 of 3rd period - Stopped by Cam Talbot with a rebound.
8:28 of 3rd period - Wrist shot by Andre Burakovsky.
8:28 of 3rd period - Stopped by Pekka Rinne with a rebound.
8:34 of 3rd period - Mikkel Boedker is hit by Filip Forsberg and loses puck.
8:55 of 3rd period - Roman Polak is hit by Joe Thornton and loses puck.
9:08 of 3rd period - Slapshot by Mike Reilly.
9:08 of 3rd period - Stopped by Pekka Rinne with a rebound.
9:15 of 3rd period - Off-side.
9:16 of 3rd period - Filip Forsberg wins face-off versus Tyler Ennis in neutral zone.
9:23 of 3rd period - Tommy Wingels is hit by Shea Weber and loses puck.
9:30 of 3rd period - Snap shot by Ryan Johansen.
9:30 of 3rd period - Shot Misses the Net.
9:32 of 3rd period - Wrist shot by Ryan Johansen.
9:32 of 3rd period - Stopped by Cam Talbot with a rebound.
9:42 of 3rd period - Craig Smith is hit by Clayton Keller and loses puck.
10:03 of 3rd period - Colton Sissons is hit by Aaron Ekblad and loses puck.
10:40 of 3rd period - Tyler Ennis is hit by Ryan Johansen and loses puck.
11:09 of 3rd period - Craig Smith is hit by Mike Reilly and loses puck.
11:48 of 3rd period - Slapshot by Kyle Quincey.
11:48 of 3rd period - Stopped by Cam Talbot with a rebound.
11:50 of 3rd period - Snap shot by Kevin Fiala.
11:50 of 3rd period - Shot Misses the Net.
11:52 of 3rd period - Snap shot by Kevin Fiala.
11:52 of 3rd period - Stopped by Cam Talbot with a rebound.
12:02 of 3rd period - Slapshot by Filip Forsberg.
12:02 of 3rd period - Shot Misses the Net.
12:13 of 3rd period - Minor Penalty to Tommy Wingels for Tripping.
12:14 of 3rd period - Logan Couture wins face-off versus Ryan Johansen in San Jose Sharks zone.
13:23 of 3rd period - Minor Penalty to Roman Polak for Roughing.
13:24 of 3rd period - Ryan Johansen wins face-off versus Anthony Cirelli in San Jose Sharks zone.
13:25 of 3rd period - Wrist shot by Filip Forsberg.
13:25 of 3rd period - Stopped by Cam Talbot with a rebound.
13:41 of 3rd period - Chris Tierney is hit by Cam Atkinson.
13:51 of 3rd period - David Schlemko is hit by Colton Sissons and loses puck.
14:02 of 3rd period - Joe Thornton is hit by Karl Alzner and loses puck.
14:13 of 3rd period - Penalty to Tommy Wingels is over, Tommy Wingels is back on ice.
15:23 of 3rd period - Penalty to Roman Polak is over, Roman Polak is back on ice.
15:30 of 3rd period - Snap shot by Calle Jarnkrok.
15:30 of 3rd period - Shot Misses the Net.
15:38 of 3rd period - Shea Weber is hit by Andre Burakovsky and loses puck.
15:58 of 3rd period - Wrist shot by Christian Dvorak.
15:58 of 3rd period - Stopped by Pekka Rinne with a rebound.
16:10 of 3rd period - Calle Jarnkrok is hit by Kevin Labanc and loses puck.
16:29 of 3rd period - Minor Penalty to Anthony Bitetto for Hooking.
16:30 of 3rd period - Chris Tierney wins face-off versus Colton Sissons in Nashville Predators zone.
16:42 of 3rd period - Karl Alzner is hit by Austin Watson and loses puck.
17:26 of 3rd period - Kyle Quincey is hit by Clayton Keller and loses puck.
18:29 of 3rd period - Penalty to Anthony Bitetto is over, Anthony Bitetto is back on ice.
19:27 of 3rd period - Filip Forsberg is hit by Andre Burakovsky.
Goals for this period are 0 for San Jose Sharks vs 2 for Nashville Predators.
Shots for this period are 5 for San Jose Sharks vs 14 for Nashville Predators.

Overtime #1


0:01 of 1st overtime period - Logan Couture wins face-off versus Ryan Johansen in neutral zone.
0:04 of 1st overtime period - Snap shot by Clayton Keller.
0:04 of 1st overtime period - Shot Misses the Net.
0:26 of 1st overtime period - Joe Thornton is hit by Timo Meier.
0:34 of 1st overtime period - Snap shot by Kevin Fiala.
0:34 of 1st overtime period - Shot Misses the Net.
2:05 of 1st overtime period - Snap shot by Mattias Ekholm.
2:05 of 1st overtime period - Stopped by Cam Talbot with a rebound.
2:15 of 1st overtime period - Ryan Johansen is hit by Timo Meier and loses puck.
3:26 of 1st overtime period - Brent Burns is hit by Ryan Johansen and loses puck.
4:00 of 1st overtime period - Slapshot by Colton Sissons.
4:00 of 1st overtime period - Shot Blocked by Karl Alzner.
4:36 of 1st overtime period - Andre Burakovsky is hit by Colton Sissons and loses puck.
4:53 of 1st overtime period - Mikkel Boedker is hit by Mike Fisher and loses puck.
Goals for this period are 0 for San Jose Sharks vs 0 for Nashville Predators.
Shots for this period are 0 for San Jose Sharks vs 1 for Nashville Predators.

ShootOut


5:00 of 1st overtime period - Penalty Shot by Logan Couture for San Jose Sharks.
5:00 of 1st overtime period - Deke by Logan Couture.
5:00 of 1st overtime period - Stopped by Pekka Rinne.
5:00 of 1st overtime period - Penalty Shot by Cam Atkinson for Nashville Predators.
5:00 of 1st overtime period - Deke by Cam Atkinson.
5:00 of 1st overtime period - Goal by Cam Atkinson.
5:00 of 1st overtime period - Penalty Shot by Clayton Keller for San Jose Sharks.
5:00 of 1st overtime period - Wrist shot by Clayton Keller.
5:00 of 1st overtime period - Stopped by Pekka Rinne.
5:00 of 1st overtime period - Penalty Shot by Filip Forsberg for Nashville Predators.
5:00 of 1st overtime period - Backhand shot by Filip Forsberg.
5:00 of 1st overtime period - Stopped by Cam Talbot.
5:00 of 1st overtime period - Penalty Shot by Kevin Labanc for San Jose Sharks.
5:00 of 1st overtime period - Backhand shot by Kevin Labanc.
5:00 of 1st overtime period - Stopped by Pekka Rinne.